 Dungeon Crawl Stone Soup version 0.18-a0-1171-ga8e22e7 (webtiles) character file.

2328 gorblad the Nimble (level 9, -1/61 HPs)
             Began as a Vampire Assassin on Jan 26, 2016.
             Was an Initiate of Dithmenos.
             Slain by a sky beast (5 damage)
             ... on level 7 of the Dungeon.
             The game lasted 00:18:19 (7526 turns).

gorblad the Nimble (Vampire Assassin)               Turns: 7526, Time: 00:18:19

Health: -1/61      AC: 10    Str: 10    XL:     9   Next: 19%
Magic:  9/9        EV: 21    Int: 13    God:    Dithmenos [......]
Gold:   243        SH:  0    Dex: 19    Spells: 0 memorised, 8 levels left

rFire  . . .     SeeInvis +     a - +3 dagger
rCold  + + .     Gourm    .     x - +0 leather armour {rN+}
rNeg   + + +     Faith    .     (no shield)
rPois  ∞         Spirit   .     l - +2 helmet
rElec  .         Dismiss  .     d - +0 cloak
rCorr  .         Reflect  .     B - +2 pair of gloves
SustAt .         Harm     .     (no boots)
MR     .....                    (no amulet)
Stlth  ++++++....               (no ring)
                                (no ring)

@: bloodless, non-regenerating, not resistant to hostile enchantments, very
stealthy
A: fangs 3, see invisible, unbreathing
a: Bat Form, Renounce Religion


You were on level 7 of the Dungeon.
You worshipped Dithmenos.
Dithmenos was noncommittal.
You were bloodless.

You visited 2 branches of the dungeon, and saw 10 of its levels.

You collected 416 gold pieces.
You spent 173 gold pieces at shops.

Inventory:

Hand Weapons
 a - a +3 dagger (weapon)
 b - a +0 blowgun
 i - a +3 short sword of flaming
Missiles
 e - 41 poisoned needles
 f - 2 curare-tipped needles
 y - 5 needles of paralysis
Armour
 d - a +0 cloak (worn)
 l - a +2 helmet (worn)
 u - a +0 leather armour of fire resistance
 x - a +0 leather armour of positive energy (worn)
 B - a +2 pair of gloves (worn)
Jewellery
 c - a +3 ring of strength {unknown}
 t - the ring "Jukha Haro" {rF+ Str+3 Int+3, unknown}
   (You found it on level 6 of the Dungeon)

   [ring of protection from fire]

   It affects your strength (+3).
   It affects your intelligence (+3).
   It protects you from fire.
 v - an uncursed amulet of the gourmand {unknown}
 C - a +3 ring of protection {unknown}
Wands
 s - a wand of slowing (35/48)
 A - a wand of paralysis (11/24)
Scrolls
 m - 2 scrolls of teleportation
 p - a scroll of recharging
 w - 6 scrolls of remove curse
 z - 2 scrolls of fear
Potions
 g - 5 potions of blood
 h - a potion of cancellation {unknown}
 n - a potion of curing
 q - a potion of mutation {unknown}
 r - a potion of flight {unknown}
Books
 k - a book of Party Tricks

   Spells                             Type                      Level
   a - Summon Butterflies             Summoning                    1
   b - Apportation                    Translocation                1
   c - Tukima's Dance                 Hexes                        3
   d - Alistair's Intoxication        Transmutation/Poison         5
   e - Invisibility                   Hexes                        6


   Skills:
 - Level 1.7 Fighting
 - Level 2.1 Short Blades
 - Level 1.5 Throwing
 + Level 11.8 Dodging
 - Level 10.3 Stealth


You had 8 spell levels left.
You didn't know any spells.

Dungeon Overview and Level Annotations

Branches:
Dungeon (9/15)             Temple (1/1) D:7
   Lair: D:8-11         Orc: D:9-12

Altars:
Ashenzari
Cheibriados
Dithmenos
Elyvilon
Fedhas
Gozag
Kikubaaqudgha
Makhleb
Nemelex Xobeh
Okawaru
Pakellas
Qazlal
Ru
Sif Muna
Vehumet
Xom
Yredelemnul
Zin
The Shining One

Shops:
D:5 *[=[[


Innate Abilities, Weirdness & Mutations

You do not heal naturally.
You are immune to poison.
You have razor-sharp teeth.
You have supernaturally acute eyesight.
You can survive without breathing.


Message History

You feel devoid of blood! The sky beast closely misses you.
You hit the sky beast.
The sky beast is severely wounded.
You barely miss the sky beast. You bite the sky beast.
The sky beast is almost dead.
The sky beast completely misses you.
You miss the sky beast. Your bite misses the sky beast.
The sky beast is almost dead.
The sky beast hits you but does no damage.
You hit the sky beast but do no damage.
The sky beast is almost dead.
The sky beast misses you.
You closely miss the sky beast. You bite the sky beast.
The sky beast is almost dead.
The sky beast barely misses you.
You miss the sky beast.
The sky beast is almost dead.
The sky beast hits you.
You die...

.#..................##
.).#................(###
...#.............##....##
...............#..####..#
...............#........##
.................#####...###
.................####......######
.%.................)>.###...##...
................@#######..)......
................Y....##..........
.....................##..........
...............##....##..........
..#...........##########.........
..#...######### ##...##...
....### ######### ..### .##


You could see a sky beast.

Vanquished Creatures
  A hungry ghost (D:7)
  3 sky beasts
  An ogre (D:7)
  2 phantoms (D:6)
  A centaur (D:7)
  A big kobold (D:9)
  2 giant frogs (D:6)
  6 scorpions
  A water moccasin skeleton (D:7)
  2 wights
  4 crimson imps
  A centaur zombie (D:7)
  A centaur skeleton (D:4)
  4 hounds
  3 orc priests
  5 orc wizards
  An iguana (D:7)
  Terence (D:3)
  5 worker ants
  A mummy (D:5)
  3 gnolls (D:6)
  12 adders
  An adder skeleton (D:5)
  2 adder zombies
  A worm (D:2)
  5 giant geckos
  20 orcs
  A ball python (D:3)
  4 bats
  A giant cockroach (D:3)
  7 goblins
  5 hobgoblins
  2 jackals (D:8)
  3 quokkas
  2 giant newts
  11 kobolds
  A quokka zombie (D:7)
  6 rats
133 creatures vanquished.

Notes
Turn   | Place    | Note
--------------------------------------------------------------
     0 | D:1      | gorblad the Vampire Assassin began the quest for the Orb.
     0 | D:1      | Reached XP level 1. HP: 16/16 MP: 1/1
     7 | D:1      | Reached skill level 6 in Stealth
   322 | D:1      | Reached XP level 2. HP: 20/22 MP: 2/2
   656 | D:2      | Reached skill level 7 in Stealth
   682 | D:2      | Found an iron altar of Okawaru.
   691 | D:2      | Found a faded altar to an unknown god.
   917 | D:2      | Reached XP level 3. HP: 22/27 MP: 3/3
   942 | D:2      | Reached skill level 8 in Stealth
  1621 | D:2      | Reached XP level 4. HP: 33/33 MP: 4/4
  1844 | D:3      | Found a radiant altar of Vehumet.
  1912 | D:3      | Noticed Terence
  1917 | D:3      | Killed Terence
  1917 | D:3      | Reached skill level 9 in Stealth
  1950 | D:3      | Reached XP level 5. HP: 24/38 MP: 5/5
  2535 | D:4      | Reached skill level 10 in Stealth
  2700 | D:4      | Got a polished leather armour
  2701 | D:4      | Identified the +2 leather armour of Gluttony {rElec MP+9 Str+2 Dex-5} (You found it on level 4 of the Dungeon)
  2814 | D:4      | Reached XP level 6. HP: 44/44 MP: 6/6
  3055 | D:4      | Found a stormy altar of Qazlal.
  3055 | D:4      | Found a white marble altar of Elyvilon.
  3259 | D:5      | Entered Level 5 of the Dungeon
  3260 | D:5      | Noticed a sky beast
  3266 | D:5      | Killed a sky beast
  3266 | D:5      | Reached skill level 5 in Dodging
  3370 | D:5      | Found Fulus's Antique Armour Shop.
  3413 | D:5      | Found Ymoisyme's Assorted Antiques.
  3419 | D:5      | Bought 2 scrolls labeled RORGHUS GANK for 46 gold pieces
  3419 | D:5      | Bought a scroll of identify for 46 gold pieces
  3441 | D:5      | Found a sacrificial altar of Ru.
  3453 | D:5      | Reached XP level 7. HP: 46/49 MP: 7/7
  3902 | D:5      | Found a snail-covered altar of Cheibriados.
  3903 | D:5      | Found Taogh's Jewellery Boutique.
  3905 | D:5      | Found Orchofem's Antique Armour Emporium.
  3925 | D:5      | Bought a pair of glowing gloves for 81 gold pieces
  4154 | D:5      | Found Panajug's Antique Armour Shop.
  4522 | D:6      | Found a shimmering altar of Xom.
  4582 | D:6      | Got a brightly glowing granite ring
  4715 | D:6      | Reached XP level 8. HP: 34/55 MP: 8/8
  5639 | D:7      | Reached skill level 10 in Dodging
  6264 | D:7      | Reached skill level 11 in Dodging
  6390 | D:7      | Found a staircase to the Ecumenical Temple.
  6417 | D:7      | Reached XP level 9. HP: 61/61 MP: 9/9
  6571 | Temple   | Entered the Ecumenical Temple
  6652 | Temple   | Became a worshipper of Dithmenos the Shadowed
  6731 | D:8      | Found an opulent altar of Gozag.
  7210 | D:7      | HP: 2/61 [scorpion (7)]
  7515 | D:7      | HP: 3/61 [sky beast (6)]
  7526 | D:7      | Slain by a sky beast

Vault maps used:
D:1:      scummos_arrival_forest
D:2:      okawaru_metal_pillars_1_2, ecumenical_altar_2
D:3:      vehumet_crystals, first_bread, uniq_terence
D:4:      gammafunk_temple_overflow_pools
D:5:      slow_altar_1, nicolae_ru_great_annihilating_truth, serial_shops, shop,
          shop, nicolae_shop_overgrown_old_shop,
          nicolae_shop_overgrown_old_shop, kennysheep_mini,
          serial_bayou_lagoon_b
D:6:      basic_altar
D:7:      minmay_temple_entry_overgrown
D:8:      lemuel_coloured_pillars_altar, tgw_trog
D:9:      dpeg_oklobed_lair, serial_shops, shop, basic_altar
Temple:   circular_temple_pool_12

Action                   |  1- 3 |  4- 6 |  7- 9 || total
-------------------------+-------+-------+-------++-------
Melee: Dagger            |    21 |       |   160 ||   181
       Short sword       |    35 |   106 |   259 ||   400
  Use: Scroll            |     3 |    14 |     2 ||    19
       Potion            |     1 |     1 |    13 ||    15
 Stab: Sleeping          |    14 |    13 |    11 ||    38
       Distracted        |     1 |     1 |     1 ||     3
       Paralysed         |       |       |     1 ||     1
  Eat: Corpse            |       |     2 |     2 ||     4
